 Dungeon Crawl Stone Soup version 0.29.1-15-g9cfb28693d (webtiles) character file.

Game seed: 14201490620010785924

12 Angrytalen2 the Ruffian (level 2, -3/23 HPs)
             Began as a Draconian Transmuter on Nov 7, 2023.
             Frozen to death by an endoplasm (7 damage)
             ... on level 1 of the Dungeon.
             The game lasted 00:07:24 (554 turns).

Angrytalen2 the Ruffian (Draconian Transmuter)       Turns: 554, Time: 00:07:32

Health: -3/23      AC:  7    Str: 12    XL:     2   Next: 20%
Magic:  4/5        EV: 12    Int: 13    God:
Gold:   0          SH:  0    Dex: 11    Spells: 2/5 levels left

rFire   + . .      SeeInvis .     - Unarmed
rCold   x . .      Faith    .   (no shield)
rNeg    . . .      Spirit   .   (body armour unavailable)
rPois   .          Reflect  .   (helmet currently unavailable)
rElec   .          Harm     .   (no cloak)
rCorr   +          Rampage  .   k - +2 pair of gloves
Will    .....                   (boots currently unavailable)
Stlth   +.........              (no amulet)
HPRegen 0.07/turn               h - ring of resist corrosion
MPRegen 0.09/turn               j - ring of fire

@: appendages (expiring), slowed, very slow
A: horns 2, talons 2, AC +4, unfitting armour, cold-blooded
a: End Transformation


You were on level 1 of the Dungeon.
You had temporarily grown beastly horns and talons.
You visited 1 branch of the dungeon, and saw 1 of its levels.

Inventory:

Missiles
 c - 36 stones
 e - 6 curare-tipped darts
 f - a throwing net
Armour
 k - a +2 pair of gloves (worn)
Jewellery
 h - a ring of resist corrosion (left hand)
 j - a ring of fire (right hand)
 m - a ring of willpower
Scrolls
 b - a scroll of enchant weapon {unknown}
 g - a scroll of noise {unknown}
 i - a scroll of teleportation {unknown}
 q - a scroll of enchant armour
Potions
 a - a potion of lignification
 d - a potion of brilliance {unknown}
 l - a potion of ambrosia {unknown}
 n - a potion of degeneration {unknown}
 o - a potion of curing {unknown}
 p - a potion of resistance {unknown}


   Skills:
 + Level 1.1 Fighting
 + Level 1.9 Dodging
 + Level 3.4 Unarmed Combat
 + Level 2.1 Spellcasting
 + Level 2.0 Transmutations


You had 2 spell levels left.
You knew the following spells:

 Your Spells              Type           Power      Damage    Failure   Level
a - Beastly Appendage     Tmut           12%        N/A       11%         1
b - Wereblood             Tmut           6%         N/A       16%         2

Your spell library contained the following spells:

 Spells                   Type           Power      Damage    Failure   Level
 Spider Form              Tmut/Pois      4%         N/A       45%         3
 Ice Form                 Ice/Tmut       4%         N/A       86%         4


Dungeon Overview and Level Annotations

Branches:
Dungeon (1/15)

Altars:


Innate Abilities, Weirdness & Mutations

You have temporarily grown beastly horns and talons.
Your plain brown scales are hard. (AC +4)
You cannot fit into any form of body armour.
You are cold-blooded and may be slowed by cold attacks.


Message History

You kill the rat!
Found 2 scrolls labelled WOTHIA REFOA.
p - a red potion
c - 36 stones (gained 7)
q - 2 scrolls labelled WOTHIA REFOA
As you read the scroll labelled WOTHIA REFOA, it crumbles to dust.
It is a scroll of enchant armour.
You aren't carrying any armour which can be enchanted further.
An endoplasm comes into view.
The endoplasm quivers.
A giant cockroach and an endoplasm come into view.
The endoplasm quivers.
A kobold comes into view. It is wielding a +0 whip.
The kobold shouts!
The endoplasm closely misses you. The endoplasm completely misses you.
You hit the endoplasm.
The endoplasm is almost dead.
You grow a pair of large bovine horns.
Your feet morph into talons.
The endoplasm freezes you.
You are frozen.
You feel a terrible chill!
You feel yourself slow down. The endoplasm closely misses you.
You hit the endoplasm.
The endoplasm is severely wounded.
The endoplasm freezes you.
You are frozen.
You feel a terrible chill! The endoplasm freezes you.
You are frozen.
You feel a terrible chill! The endoplasm barely misses you. x2
You hit the endoplasm but do no damage.
The endoplasm is severely wounded.
The endoplasm freezes you.
You are frozen.
You feel a terrible chill!
* * * LOW HITPOINT WARNING * * *
The endoplasm barely misses you.
You hit the endoplasm but do no damage.
The endoplasm is severely wounded.
Your transformation is almost over.
The endoplasm misses you. The endoplasm freezes you.
You are frozen!
You feel a terrible chill!
You die...

.# .# #.## .### ...#
...# #..# .#.# ..#
.#.# .K# .#.# #B#
.#.####
#######J###### ##.#..
.......@J....# #.#.#
#.##......####.#
#.#.###.##.###..#
##....##.... #..#
....#.......###.##
.##...##.##.....#
###......####.###
#.......####.#######
##...................


You could see 2 endoplasms, a giant cockroach and a kobold.

Vanquished Creatures
  A dart slug (D:1)
  2 bats (D:1)
  An endoplasm (D:1)
  A giant cockroach (D:1)
  A goblin (D:1)
  A frilled lizard (D:1)
  A kobold (D:1)
  2 rats (D:1)
10 creatures vanquished.

Notes
Turn   | Place    | Note
-------+----------+-------------------------------------------
     0 | D:1      | Angrytalen2 the Draconian Transmuter began the quest for
                  | the Orb.
     0 | D:1      | Reached XP level 1. HP: 16/16 MP: 3/3
   406 | D:1      | Reached XP level 2. HP: 23/23 MP: 5/5
   413 | D:1      | Learned a level 2 spell: Wereblood
   435 | D:1      | Found a faded altar of an unknown god.
   554 | D:1      | Frozen to death by an endoplasm

Illustrated notes

Levels and vault maps discovered:
D:1:      minmay_arrival_shattered_statue, layout_loops_ring,
          chequers_ecumenical_altar_simple_redux

Action                   || total
-------------------------++-------
Melee: Unarmed           ||    31
       Tailslap          ||     5
 Cast: Beastly Appendage ||     2
  Use: Scroll            ||     1
Armor: Skin              ||     5
Dodge: Dodged            ||    30
